 Dungeon Crawl Stone Soup version 0.21-a0-286-g6fcecc0 (webtiles) character file.

86 nikopol the Skirmisher (level 4, -2/41 HPs)
             Began as a Minotaur Fighter on Sept 26, 2017.
             Slain by an orc warrior
             ... wielding a +0 scimitar
              (13 damage)
             ... on level 3 of the Dungeon.
             The game lasted 00:03:15 (1957 turns).

nikopol the Skirmisher (Minotaur Fighter)           Turns: 1957, Time: 00:03:16

Health: -2/41      AC:  9    Str: 22    XL:     4   Next: 26%
Magic:  3/3        EV:  6    Int:  5    God:
Gold:   123        SH:  9    Dex:  9    Spells: 3/3 levels left

rFire    . . .     SeeInvis .   a - +0 war axe
rCold    . . .     Gourm    .   c - +0 shield
rNeg     . . .     Faith    .   i - +0 chain mail (curse)
rPois    .         Spirit   .   (helmet restricted)
rElec    .         Reflect  .   (no cloak)
rCorr    .         Harm     .   (no gloves)
MR       .....                  (no boots)
Stlth    ..........             (no amulet)
HPRegen  0.13/turn              (no ring)
MPRegen  0.08/turn              (no ring)

@: no status effects
A: retaliatory headbutt, horns 2
a: no special abilities


You were on level 3 of the Dungeon.
You were not hungry.

You visited 1 branch of the dungeon, and saw 3 of its levels.

You collected 123 gold pieces.

Inventory:

Hand Weapons
 a - a +0 war axe (weapon)
Armour
 b - a +0 scale mail
 c - a +0 shield (worn)
 i - a cursed +0 chain mail (worn)
 o - a cursed +0 large shield
Scrolls
 e - a scroll of identify
 j - a scroll of remove curse {unknown}
 l - a scroll of blinking {unknown}
Potions
 d - a potion of might
 h - 2 potions of magic
 k - a potion of mutation
Comestibles
 f - 4 bread rations
 g - 4 chunks of flesh
 m - 4 fruits
 n - a royal jelly
 p - a meat ration


   Skills:
 + Level 4.3 Fighting
 + Level 3.5 Axes
 + Level 4.3 Armour
 + Level 0.4 Dodging
 + Level 4.2 Shields


You had 3 spell levels left.
You didn't know any spells.

Dungeon Overview and Level Annotations

Branches:
Dungeon (3/15)

Altars:
Hepliaklqana


Innate Abilities, Weirdness & Mutations

You reflexively headbutt those who attack you in melee.
You have a pair of horns on your head.


Message History

You are too injured to fight recklessly!
You are too injured to fight recklessly!
You are too injured to fight recklessly!
You are too injured to fight recklessly!
You are too injured to fight recklessly!
You are too injured to fight recklessly!
You are too injured to fight recklessly!
You are too injured to fight recklessly!
You are too injured to fight recklessly!
You are too injured to fight recklessly!
You are too injured to fight recklessly!
You are too injured to fight recklessly!
You slash the orc warrior!
The orc warrior is moderately wounded.
Your shield and chain mail prevent you from hitting the orc wizard.
You barely miss the orc. You block the orc's attack.
The orc wizard hits you but does no damage.
The orc barely misses you.
The orc warrior hits you with a scimitar!
You die...

## ..# ####### ...#
.....# ..... ..##.#
...#.## #.##.# ......g
#.##.#
...(..o###.##.##########
#..$oo@..........(....<
......o###)...###.#####.
##..... ##...# #.# #.
###### #...# #)# #.
#...# #.#####. #...#
#....... ####### #...#
######.. #.....# #...#
#.. # ###.###
#...########..


You could see an orc warrior, an orc wizard, 2 orcs and a hobgoblin.

Vanquished Creatures
  A worker ant (D:2)
  An ooze (D:1)
  A worm (D:2)
  A dart slug (D:1)
  7 leopard geckos
  An orc (D:3)
  8 bats
  A giant cockroach (D:1)
  7 goblins
  3 hobgoblins (D:1)
  2 jackals (D:1)
  A quokka (D:2)
  A frilled lizard (D:1)
  6 kobolds
  A rat (D:1)
42 creatures vanquished.

Vanquished Creatures (others)
  A kobold (D:2)
1 creature vanquished.

Grand Total: 43 creatures vanquished

Notes
Turn   | Place    | Note
-------+----------+-------------------------------------------
     0 | D:1      | nikopol the Minotaur Fighter began the quest for the Orb.
     0 | D:1      | Reached XP level 1. HP: 19/19 MP: 0/0
   241 | D:1      | Reached XP level 2. HP: 27/27 MP: 1/1
   725 | D:1      | Reached XP level 3. HP: 33/33 MP: 2/2
  1155 | D:2      | Found a hazy altar of Hepliaklqana.
  1637 | D:2      | Reached XP level 4. HP: 31/41 MP: 3/3
  1950 | D:3      | Noticed an orc warrior
  1957 | D:3      | Slain by an orc warrior

Vault maps used:
D:1:      noname_arrival_rooms_in_the_neighbourhood, hangedman_decor_points
D:2:      lemuel_crystal_altar, serial_forest, infiniplex_forest_fountain,
          infiniplex_forest_straight_2, infiniplex_forest_clump_diagonal,
          infiniplex_forest_clump_tiny, first_bread, lemuel_another_geyser
D:3:      minmay_misc_feat_secret_circle

Skill      XL: |  1  2  3 |
---------------+----------+-----
Armour         | 4 |  4.3
Fighting       | 4 |  4.3
Axes           | 3 |  3.5
Shields        | 4 |  4.2
Dodging        | |  0.4

Action                   |  1- 3 |  4- 6 || total
-------------------------+-------+-------++-------
Melee: War axe           |   104 |    10 ||   114
       Headbutt          |    16 |     5 ||    21
  Use: Scroll            |       |     2 ||     2
  Eat: Chunk             |     2 |     1 ||     3
Armor: Scale mail        |     6 |       ||     6
       Chain mail        |    56 |     7 ||    63
Dodge: Dodged            |    25 |     3 ||    28
Block: Shield            |    63 |     7 ||    70

Table legend:
 A = Spawn XP
 B = Non-spawn XP
 C = Spawn XP percentage of total XP
 D = Spawn monster count
 E = Non-spawn monster count
 F = Spawn count percentage of total count
 G = Total turns spent on level
                    A         B        C        D         E        F      G
               +---------+---------+-------+---------+---------+-------+---------
         Total |       0 |     123 |   0.0 |       0 |      42 |   0.0 |  1957
               +---------+---------+-------+---------+---------+-------+---------
           D:1 |       0 |      58 |   0.0 |       0 |      27 |   0.0 |  1046
           D:2 |       0 |      55 |   0.0 |       0 |      10 |   0.0 |   810
           D:3 |       0 |      10 |   0.0 |       0 |       5 |   0.0 |   101
               +---------+---------+-------+---------+---------+-------+---------
